Map: Zen LE

Players

Ghostpants - Winner!

  • Race: Zerg Zerg
  • Spawn Location: 7:00

Osiris

  • Race: Terran Terran
  • League: Diamond
  • Spawn Location: 1:00

VOD

Have the link to the VOD?

Description

Time

  • Played on: May 25, 2020, 4:11 a.m.
  • Length: 17:29
Show
View Real Time Build Order
Export as new Build Order

Ghostpants Zerg - Winner!

Build Orders: Hatch First, Brood Lord Corruptor, Muta Ling Bane 

Get SALT Encoding   

  12  0:01  Drone  
  13  0:16  Drone  
  13  0:18  Drone, Extractor  
  15  0:22  Overlord  
  15  0:48  Hatchery  
  14  0:50  Drone  
  14  0:55  Drone  
  16  1:10  Spawning Pool  
  15  1:12  Drone  
  15  1:16  Drone  
  17  1:19  Extractor  
  17  1:21  Drone  
  17  1:26  Drone  
  18  1:35  Drone  
  19  1:49  Drone  
  20  1:57  Roach Warren, Queen  
  21  2:04  Queen  
  23  2:13  Overlord  
  23  2:38  Roach  
  23  2:39  Roach x4  
  23  2:41  Roach  
  35  2:49  Overlord  
  35  2:54  Drone  
  36  3:09  Drone x5  
  41  3:13  Drone  
  42  3:21  Overlord  
  42  3:23  Drone  
  43  3:44  Drone x5  
  48  3:52  Hatchery  
  48  3:53  Metabolic Boost  
  47  4:07  Drone  
  47  4:08  Lair  
  47  4:09  Drone x4  
  46  4:19  Drone  
  46  4:22  Extractor  
  46  4:23  Extractor  
  45  4:24  Extractor  
  44  4:35  Drone x4, Zergling x2  
  44  4:36  Zergling x4  
  49  4:45  Baneling Nest  
  48  4:46  Spine Crawler  
  48  4:49  Queen  
  49  4:53  Drone  
  49  4:55  Drone x2  
  49  4:57  Overlord x2  
  48  5:11  Zergling x4  
  48  5:12  Zergling x8  
  54  5:18  Spire  
  54  5:21  Drone x2  
  55  5:25  Drone x2  
  57  5:31  Drone  
  57  5:32  Drone x2  
  60  5:37  Baneling x4  
  60  5:38  Baneling x3  
  60  5:43  Centrifical Hooks  
  60  5:50  Drone x2  
  60  5:55  Overlord  
  62  6:02  Overseer  
  62  6:05  Spore Crawler  
  62  6:07  Spore Crawler  
  61  6:11  Drone x4  
  61  6:12  Drone x4  
  68  6:22  Drone x3  
  68  6:23  Drone  
  72  6:30  Queen  
  74  6:33  Mutalisk  
  74  6:34  Mutalisk x2  
  74  6:36  Mutalisk  
  74  6:38  Overlord  
  82  6:42  Extractor  
  82  6:44  Extractor  
  82  6:46  Spine Crawler  
  79  6:59  Mutalisk  
  79  7:00  Mutalisk x2  
  79  7:01  Drone x5  
  89  7:13  Zerg Flyer Weapons Level 1  
  89  7:17  Overlord x3  
  89  7:18  Overlord  
  89  7:41  Drone x4  
  89  7:42  Overlord x3  
  93  7:45  Hatchery  
  93  7:47  Evolution Chamber  
  93  7:48  Spore Crawler, Evolution Chamber  
  93  7:49  Infestation Pit, Hydralisk Den  
  93  7:50  Zergling x2  
  93  7:51  Zergling x10  
  92  7:56  Zergling x6  
  96  8:03  Zergling x8  
  96  8:04  Zergling x2  
  101  8:12  Mutalisk  
  101  8:13  Zergling x6  
  104  8:24  Spine Crawler x2  
  102  8:27  Hive  
  102  8:29  Zerg Melee Weapons Level 1  
  102  8:30  Zerg Ground Armor Level 1  
  102  8:33  Grooved Spines  
  102  8:34  Evolution Chamber  
  101  8:36  Zergling x8  
  101  8:39  Mutalisk  
  106  8:43  Drone x3  
  109  8:50  Queen  
  111  9:01  Drone x9  
  111  9:02  Drone  
  121  9:04  Baneling  
  121  9:05  Baneling x3  
  121  9:31  Zerg Missile Weapons Level 1  
  121  9:35  Zergling x16  
  121  9:36  Zergling x18  
  138  9:39  Spine Crawler  
  138  9:43  Zergling x2  
  138  9:44  Muscular Augments  
  138  9:49  Spore Crawler, Spine Crawler x3  
  133  9:53  Baneling x3  
  133  9:54  Baneling  
  133  9:56  Zergling x4  
  133  9:57  Zergling x10  
  140  10:00  Zergling x6  
  132  10:09  Zergling x2  
  132  10:10  Zergling x4  
  132  10:11  Zergling x4  
  109  10:15  Mutalisk x2  
  109  10:16  Mutalisk  
  109  10:20  Drone  
  116  10:23  Drone x2  
  116  10:25  Spine Crawler x2  
  116  10:26  Spine Crawler  
  115  10:32  Adrenal Glands  
  115  10:34  Greater Spire  
  115  10:36  Drone x4  
  119  10:50  Baneling  
  119  10:51  Baneling x10  
  119  10:52  Drone x4  
  119  10:53  Drone  
  119  10:54  Zergling x2  
  119  10:55  Zergling x8  
  130  11:04  Zergling x12  
  130  11:05  Zergling x4  
  130  11:09  Zergling x6  
  130  11:10  Zergling x2  
  139  11:26  Overlord x5  
  139  11:34  Overlord x2  
  139  11:46  Corruptor  
  137  11:47  Corruptor x6  
  137  11:48  Corruptor  
  153  11:58  Extractor x2  
  151  12:08  Hatchery  
  150  12:16  Zerg Melee Weapons Level 2  
  150  12:17  Zerg Missile Weapons Level 2  
  150  12:18  Zerg Ground Armor Level 2  
  150  12:20  Zerg Flyer Armor Level 1  
  150  12:24  Baneling x2  
  150  12:25  Baneling x10  
  150  12:26  Brood Lord  
  150  12:27  Brood Lord x2  
  156  12:36  Overseer x2  
  156  12:37  Brood Lord x2  
  156  12:40  Brood Lord  
  162  12:46  Zergling x8  
  162  12:50  Zergling x8  
  156  13:00  Zergling x4  
  156  13:01  Zergling x18  
  156  13:11  Zergling x2  
  156  13:12  Zergling x14  
  152  13:15  Baneling x8  
  152  13:16  Baneling x3  
  152  13:17  Baneling  
  152  13:24  Zergling x8  
  152  13:25  Zergling x2  
  130  14:12  Zergling x4  
  130  14:13  Zergling x44  
  140  14:21  Zergling x2  
  114  14:40  Corruptor x9  
  132  14:49  Corruptor x3  
  132  14:50  Corruptor x2  
  140  14:56  Baneling x5  
  140  14:57  Baneling x3  
  140  15:05  Corruptor x3  
  140  15:06  Zergling x6  
  149  15:12  Corruptor  
  149  15:13  Zergling x6  
  152  15:16  Hydralisk  
  154  15:23  Hydralisk  
  154  15:24  Hydralisk x3  
  160  15:33  Hydralisk x4  
  163  15:36  Hatchery  
  163  15:39  Baneling x3  
  163  15:40  Baneling x6  
  159  15:46  Corruptor x2  
  159  16:11  Corruptor x6  
  158  16:18  Overlord x2  
  166  16:23  Hydralisk x3  
  172  16:27  Overlord  
  172  16:38  Corruptor x5  
  172  16:57  Brood Lord  
Show
View Real Time Build Order
Export as new Build Order

Osiris Terran 

Build Orders: Gas First Reaper Expand 

Get SALT Encoding   

  12  0:00  SCV  
  13  0:13  SCV  
  14  0:17  Supply Depot  
  14  0:25  SCV  
  15  0:28  Refinery  
  15  0:38  SCV  
  16  0:46  Barracks  
  16  0:50  SCV  
  17  1:02  SCV  
  18  1:15  SCV  
  19  1:32  Orbital Command  
  19  1:33  Reaper  
  20  1:47  Command Center  
  20  1:58  Factory  
  20  2:01  SCV  
  21  2:09  Barracks Reactor  
  21  2:13  SCV  
  22  2:16  Supply Depot  
  22  2:20  Refinery  
  22  2:25  SCV  
  23  2:38  SCV  
  24  2:46  Starport  
  24  2:51  SCV  
  24  2:54  Hellion x2  
  29  2:58  Orbital Command  
  29  3:05  Barracks Tech Lab  
  29  3:06  SCV  
  30  3:18  SCV  
  31  3:25  SCV  
  31  3:26  Supply Depot  
  30  3:35  Siege Tank, Marine x2  
  34  3:45  SCV  
  31  3:57  Marine x2  
  25  4:13  SCV  
  25  4:14  Starport Tech Lab  
  22  4:23  Orbital Command  
  22  4:26  Command Center  
  22  4:29  Siege Tank, Marine x2  
  22  4:30  SCV  
  26  4:42  SCV  
  27  4:48  Banshee  
  30  4:53  SCV  
  30  5:03  Marine  
  30  5:05  SCV  
  32  5:10  Bunker  
  32  5:11  Cloaking Field  
  32  5:19  SCV  
  33  5:22  Supply Depot  
  33  5:23  SCV  
  34  5:32  SCV  
  34  5:33  Banshee  
  38  5:36  SCV  
  38  5:42  Orbital Command  
  39  5:47  SCV  
  39  5:49  SCV  
  41  6:00  Stimpack  
  41  6:03  Factory Reactor  
  41  6:05  Barracks  
  41  6:08  SCV  
  41  6:09  Barracks  
  42  6:14  SCV  
  43  6:20  SCV  
  43  6:21  SCV  
  45  6:26  Supply Depot, Marine  
  45  6:32  SCV  
  47  6:33  SCV  
  47  6:34  SCV  
  49  6:44  SCV  
  49  6:45  Barracks, SCV  
  49  6:46  Barracks  
  51  6:52  Starport Reactor  
  51  6:58  Marine x2  
  54  7:07  SCV x3  
  54  7:08  Barracks  
  56  7:12  Marine  
  56  7:13  Supply Depot, Marine x2  
  56  7:14  Siege Tank  
  62  7:16  Supply Depot, Marine  
  62  7:19  SCV  
  62  7:20  Marine  
  62  7:21  SCV  
  62  7:22  SCV  
  67  7:27  Engineering Bay x2  
  67  7:37  Marine x2  
  67  7:38  Barracks Reactor  
  67  7:39  Medivac x2  
  67  7:40  SCV  
  67  7:41  SCV  
  67  7:43  Refinery, Marine  
  76  7:44  Refinery  
  76  7:52  Marine x2  
  76  7:56  Terran Infantry Weapons Level 1  
  78  7:59  Terran Infantry Armor Level 1  
  78  8:02  Factory Reactor  
  73  8:18  Missile Turret  
  73  8:19  Marine x5  
  76  8:20  Marine x2  
  76  8:22  Barracks Reactor  
  76  8:23  SCV  
  76  8:24  Missile Turret  
  81  8:44  Marine x4  
  81  8:45  Marine x3  
  81  8:46  Widow Mine x2  
  92  8:54  Supply Depot  
  92  8:55  Medivac, Supply Depot  
  92  9:00  Missile Turret  
  92  9:01  SCV  
  89  9:03  Marine x2  
  89  9:06  Combat Shield  
  91  9:19  Marine  
  91  9:20  Marine x3  
  91  9:21  Widow Mine  
  91  9:23  Orbital Command  
  97  9:29  Marine x2  
  99  9:36  Marine x2  
  99  9:38  Widow Mine  
  103  9:51  Marine  
  103  9:52  Marine x2  
  98  10:10  Marine x4  
  98  10:12  Marine x2  
  67  10:16  Marine  
  63  10:23  Marine  
  63  10:24  Marine  
  63  10:27  Widow Mine  
  67  10:31  Orbital Command  
  67  10:34  Marine x2  
  67  10:35  Marine x3  
  72  10:36  Widow Mine, Marine  
  72  10:37  Marine  
  72  10:42  Marine x2  
  77  10:44  SCV  
  77  10:45  SCV  
  80  10:51  Widow Mine  
  82  10:57  Armory, SCV  
  82  10:59  Widow Mine  
  82  11:00  Marine x5  
  82  11:01  Marine x4  
  94  11:08  Missile Turret, SCV  
  94  11:09  SCV  
  94  11:10  SCV  
  97  11:13  Widow Mine  
  97  11:17  Marine  
  97  11:18  Marine x3  
  101  11:21  Supply Depot  
  102  11:26  Marine x2  
  104  11:39  Marine x3  
  102  11:54  Missile Turret  
  102  11:56  Missile Turret, SCV x2  
  102  11:57  Missile Turret x2  
  104  12:02  Marine  
  104  12:03  Marauder, Marine x5  
  104  12:04  Marine x2  
  104  12:05  Supply Depot, Widow Mine x2  
  104  12:07  SCV  
  119  12:11  Terran Infantry Weapons Level 2  
  119  12:12  Terran Infantry Armor Level 2  
  119  12:20  Medivac  
  121  12:24  Marauder  
  123  12:36  Widow Mine  
  123  12:37  Widow Mine  
  127  12:44  Marine x5  
  108  12:59  Widow Mine  
  108  13:00  Viking x2, Widow Mine  
  93  13:05  Marine  
  93  13:06  Marine x5  
  93  13:07  Marine x2  
  93  13:09  Marauder  
  87  13:17  Supply Depot  
  87  13:18  Supply Depot  
  87  13:28  SCV x3  
  87  13:33  Marine x3  
  93  13:34  Marauder, Marine x3  
  93  13:35  Widow Mine, Marine  
  93  13:36  Widow Mine  
  103  13:48  SCV x2  
  104  13:51  Medivac x2  
  104  13:55  Marine x3  
  110  13:56  Marine  
  46  14:57  Command Center  
  46  15:04  Command Center  
  45  15:12  Command Center  
  39  15:23  Command Center  
Tags
 
Add a new tag
Caveats
  • Supply blocks, unpowered buildings, or Contaminate may cause inaccurate times.
  • Supply counts are checked every 10 seconds.